AoeStats
← havnt played for half year

Black Forest

510398021Analyzed
4v4 RM · 15h ago on Sep 30, 2026· 39m 12s· 8 players
Game mode
Random Map
Map size
Large (8 player)
Population
200
Speed
Normal
Resources
Standard
Victory
Conquest
Starting age
Dark Age
Ending age
Imperial Age
RankedLock teamsTeams togetherTeam positionsShared explorationLock speedFull tech treeHidden civsTurbo modeCheats
Victory
Defeat
🇹🇷 Mongols · Türkiye
1431
+18
🇳🇴 Spanish · Norway
1430
+18
🇩🇪 Koreans · Germany
1413
+18
1398
+19
🇺🇸 Hindustanis · United States
1491
-19
🇨🇦 Mongols · Canada
1486
-19
🇦🇷 Aztecs · Argentina
1454
-18
1441
-17
Snavle
11:34 Feudal Age
15:07 Castle Age
13:07 Double-Bit Axe
17:40 Horse Collar
20:16 Bow Saw
23:43 Wheelbarrow
22:54 Town Watch
23:44 Loom
25:56 Gold Mining
27:39 Scale Barding Armor
27:45 Forging
30:13 Imperial Age
27:09 Light Cavalry
28:00 Bloodlines
27:57 Husbandry
27:55 Stone Mining
30:09 Hand Cart
30:28 Cavalier
31:23 Caravan
32:06 Chain Barding Armor
32:22 Iron Casting
32:58 Chemistry
32:33 Paladin
35:06 Heavy Plow
35:44 Plate Barding Armor
36:09 Blast Furnace
36:11 Two-Man Saw
37:50 Fletching
Smiling Cat | 웃는 고양이
0:45 Loom
11:07 Feudal Age
12:31 Double-Bit Axe
12:15 Man-at-Arms
19:26 Castle Age
18:45 Scale Mail Armor
19:18 Horse Collar
20:29 Bow Saw
20:26 Heavy Plow
22:32 Gold Mining
25:31 Chain Mail Armor
25:49 Fletching
28:56 Forging
28:48 Town Watch
31:53 Imperial Age
29:54 Squires
29:46 Pikeman
31:45 Arson
32:15 Chieftains
37:02 Plate Mail Armor
38:13 Iron Casting
38:33 Bogsveigar
RandomBlobfish
11:28 Feudal Age
15:19 Castle Age
13:09 Double-Bit Axe
17:07 Bow Saw
21:54 Horse Collar
23:59 Loom
26:26 Wheelbarrow
25:41 Fishing Lines
31:29 Imperial Age
29:14 Hand Cart
28:45 Town Watch
29:43 Ballistics
29:24 Stone Mining
29:31 Gold Mining
29:51 Fletching
29:43 Treadmill Crane
30:13 Masonry
29:59 Murder Holes
30:35 Eupseong
30:31 Bodkin Arrow
30:45 Gillnets
32:10 Bracer
33:11 Chemistry
32:43 Architecture
32:45 Town Patrol
32:49 Heavy Rocket Cart
33:52 Conscription
35:02 Shinkichon
39:43 Architecture
38:59 Arrowslits
39:20 Siege Engineers
KhanShinnok
0:54 Loom
13:40 Feudal Age
17:39 Castle Age
16:43 Double-Bit Axe
17:14 Stone Mining
17:17 Gold Mining
20:35 Fishing Lines
24:06 Imperial Age
21:28 Fletching
21:56 Bow Saw
23:50 Bodkin Arrow
23:55 Padded Archer Armor
25:13 Bracer
25:56 Ballistics
27:10 Chemistry
27:24 Gold Shaft Mining
27:29 Wheelbarrow
28:31 Masonry
29:31 Leather Archer Armor
32:29 Caravan
34:54 Conscription
35:04 Elite Mangudai
35:47 Nomads
38:00 Stone Shaft Mining
39:34 Siege Engineers
Rabe3000
11:14 Feudal Age
15:41 Castle Age
13:31 Double-Bit Axe
17:25 Bow Saw
21:23 Gold Mining
22:54 Horse Collar
28:25 Imperial Age
27:23 Wheelbarrow
26:56 Padded Archer Armor
27:35 Heavy Plow
28:41 Leather Archer Armor
30:11 Chemistry
29:17 Siege Engineers
30:06 Ring Archer Armor
30:50 Two-Man Saw
31:38 Hand Cart
31:11 Town Watch
31:43 Caravan
32:25 Shatagni
Erebor.
1:11 Loom
12:30 Feudal Age
16:42 Castle Age
15:10 Double-Bit Axe
16:17 Town Watch
16:16 Horse Collar
27:18 Fortified Wall
27:05 Stone Mining
27:15 Gold Mining
28:00 Eagle Warrior
28:45 Scale Mail Armor
33:44 Imperial Age
31:39 Fletching
32:48 Ballistics
havnt played for half year
0:33 Loom
10:22 Feudal Age
10:52 Double-Bit Axe
16:30 Castle Age
15:30 Horse Collar
17:53 Bow Saw
19:44 Wheelbarrow
30:26 Imperial Age
30:23 Hand Cart
30:13 Heavy Plow
31:09 Scale Mail Armor
31:19 Forging
32:44 Conscription
32:41 Chain Mail Armor
33:20 Onager
36:01 Siege Engineers
35:36 Pikeman
36:16 Squires
36:32 Northmen's Fury
36:39 Halberdier
37:52 Plate Mail Armor
37:57 Iron Casting
37:52 Plate Mail Armor
37:46 Hamask
iamhely
11:34 Feudal Age
12:30 Double-Bit Axe
15:33 Castle Age
13:25 Fishing Lines
16:30 Bow Saw
16:13 Gillnets
22:20 Wheelbarrow
21:39 Gold Mining
24:04 Stone Mining
28:35 Imperial Age
27:01 Hand Cart
26:58 Fletching
27:37 Padded Archer Armor
28:00 Ballistics
27:54 Bodkin Arrow
28:50 Gold Shaft Mining
29:38 Drill
28:51 Capped Ram
30:46 Chemistry
29:55 Bracer
30:43 Conscription
29:47 Siege Ram
30:58 Elite Mangudai
32:21 Leather Archer Armor
32:13 Onager
33:06 Caravan
33:30 Bloodlines
33:47 Parthian Tactics
33:29 Husbandry
36:22 Thumb Ring
37:11 Siege Onager
Connection lost

Rejoining the realm…

Still unreachable

The connection could not be restored.

Session expired

The server has moved on; the page needs a fresh start.